Basic Timing push with Marines, Marauders, Medivacs, and Tanks. Focused on destroying the Zerg's Third base and doing maximum damage.
| 14 | 0:17 | | |
| 16 | 0:41 | | |
| 16 | 0:45 | | Send SCV to scout |
| 19 | 1:32 | | Produce constant marines and marauders when finished |
| 19 | 1:30 | | |
| 19 | 1:41 | | |
| 20 | 1:55 | | |
| 22 | 2:10 | | |
| 24 | 2:24 | | |
| 27 | 2:37 | | Place in front of natural |
| 30 | 2:55 | | |
| 31 | 3:04 | | |
| 31 | 3:07 | | |
| 37 | 3:33 | | |
| 37 | 3:37 | | |
| 44 | 3:51 | | Rally to enemys base to harass mineral line |
| 56 | 4:34 | | Lift factory off of tech lab and land barracks |
| 56 | 4:42 | | |
| 62 | 5:04 | | |
| 62 | 5:05 | | |
| 63 | 5:20 | | Lift off and build |
| 63 | 5:21 | | Lift off and build |
| 67 | 5:43 | | In main base |
| 69 | 5:49 | | |
| 80 | 6:00 | | |
| 83 | 6:04 | | |
| 89 | 6:17 | | |
| 124 | 7:20 | | Attack Zerg with MMM+Tank timing push! |

On Dec. 12, 2025, 6:18 a.m., twotrees12 said:
Seems that you forgot the stim research